 Dungeon Crawl Stone Soup version 0.17.1-1-g73c8601 (webtiles) character file.

4828 Runnr the Artisan of Death (level 10, 0/74 HPs)
             Began as a Human Necromancer on Jan 1, 2016.
             Was a Priest of Kikubaaqudgha.
             Slain by an orc warrior
             ... wielding a +0 war axe
              (16 damage)
             ... on level 9 of the Dungeon.
             The game lasted 01:01:16 (10692 turns).

Runnr the Artisan of Death (Human Necromancer)     Turns: 10692, Time: 01:01:16

Health: 0/74       AC:  6    Str:  9    XL:     10   Next: 77%
Magic:  11/29      EV: 15    Int: 18    God:    Kikubaaqudgha [***...]
Gold:   477        SH:  0    Dex: 14    Spells: 6 memorised, 4 levels left

rFire  . . .     SeeInvis .     r - +2 halberd (flame)
rCold  . . .     Clarity  .     a - +0 robe
rNeg   . . .     SustAt   .     (shield currently unavailable)
rPois  .         Gourm    .     t - +0 helmet
rElec  .         Spirit   .     N - +1 cloak
rCorr  +         Warding  .     S - +0 pair of gloves
rMut   .         Stasis   .     (no boots)
MR     +....                    d - amulet of resist corrosion
Stlth  ++........               T - ring of protection from magic
                                p - ring of magical power

@: lethally poisoned (0 -> 0), very slightly contaminated, regenerating,
somewhat resistant to hostile enchantments, unstealthy
A: no striking features
a: Receive Corpses, Renounce Religion


You were on level 9 of the Dungeon.
You worshipped Kikubaaqudgha.
Kikubaaqudgha was most pleased with you.
You were not hungry.

You visited 2 branches of the dungeon, and saw 10 of its levels.
You also visited: Ossuary and Bailey.

You collected 477 gold pieces.

Inventory:

Hand Weapons
 r - a +2 halberd of flaming (weapon)
 O - a cursed -1 spear
Missiles
 v - 50 poisoned needles
 M - 2 needles of paralysis
Armour
 a - a +0 robe (worn)
 t - a +0 helmet (worn)
 N - a +1 cloak (worn)
 S - a +0 pair of gloves (worn)
Jewellery
 d - an amulet of resist corrosion (around neck)
 j - an uncursed ring of flight
 p - a ring of magical power (left hand)
 s - an uncursed ring of teleportation
 y - an uncursed ring of ice
 T - a ring of protection from magic (right hand)
Wands
 G - a wand of frost (31)
 P - a wand of fire (6)
 Z - a wand of lightning (5)
Scrolls
 e - 2 scrolls of amnesia
 g - 2 scrolls of fog
 k - a scroll of enchant armour
 m - 3 scrolls of teleportation {unknown}
 n - 3 scrolls of immolation
 o - a scroll of noise {unknown}
 w - a scroll of fear {unknown}
 A - 7 scrolls of remove curse
 D - 7 scrolls of random uselessness {unknown}
 F - a scroll of summoning {unknown}
 K - a scroll of brand weapon {unknown}
 U - a scroll of recharging {unknown}
 X - a scroll of blinking {unknown}
Potions
 h - 2 potions of brilliance
 i - a potion of magic
 l - a potion of invisibility
 q - a potion of cure mutation
 u - 3 potions of cancellation
 z - 3 potions of mutation {unknown}
 B - 7 potions of flight
 C - 4 potions of degeneration {unknown}
 E - a potion of curing
 H - a potion of heal wounds
 R - a potion of resistance {unknown}
 V - a potion of agility {unknown}
Books
 b - a book of Necromancy

   Spells                             Type                      Level
   a - Pain                           Necromancy                   1
   b - Animate Skeleton               Necromancy                   1
   c - Vampiric Draining              Necromancy                   3
   d - Regeneration                   Charms/Necromancy            3
   e - Animate Dead                   Necromancy                   4
   f - Control Undead                 Necromancy                   4
 L - a book of Beasts

   Spells                             Type                      Level
   a - Summon Butterflies             Summoning                    1
   b - Call Canine Familiar           Summoning                    3
   c - Summon Ice Beast               Ice/Summoning                4
   d - Summon Mana Viper              Hexes/Summoning              5
   e - Summon Hydra                   Summoning                    7
 Q - Kikubaaqudgha's Collected Works on Unholy Rituals
   (Kikubaaqudgha gifted it to you on level 6 of the Dungeon)

   Spells                             Type                      Level
   a - Animate Skeleton               Necromancy                   1
   b - Corpse Rot                     Necromancy                   2
   c - Sublimation of Blood           Necromancy                   2
   d - Regeneration                   Charms/Necromancy            3
   e - Control Undead                 Necromancy                   4
 Y - Kikubaaqudgha's Incunabulum of Sinister Secrets
   (Kikubaaqudgha gifted it to you on level 7 of the Dungeon)

   Spells                             Type                      Level
   a - Animate Dead                   Necromancy                   4
   b - Excruciating Wounds            Charms/Necromancy            5
   c - Dispel Undead                  Necromancy                   5
   d - Simulacrum                     Ice/Necromancy               6
   e - Death Channel                  Necromancy                   6
Comestibles
 c - 8 bread rations
 f - 7 meat rations
 x - a chunk of flesh
 I - 8 fruits
 J - 3 slices of pizza
 W - a royal jelly


   Skills:
 - Level 5.5 Fighting
 - Level 5.2 Polearms
 - Level 6.0 Dodging
 - Level 2.0 Stealth
 + Level 6.8 Spellcasting
 + Level 7.9 Necromancy
 + Level 3.4 Ice Magic
 - Level 4.7 Evocations


You had 4 spell levels left.
You knew the following spells:

 Your Spells              Type           Power        Failure   Level  Hunger
a - Pain                  Necr           ####         1%          1    None
r - Regeneration          Chrm/Necr      ###.......   10%         3    ##.....
s - Animate Skeleton      Necr           N/A          1%          1    None
v - Vampiric Draining     Necr           ####......   1%          3    ##.....
z - Animate Dead          Necr           N/A          4%          4    ####...
S - Simulacrum            Ice/Necr       ####......   99%         6    #######


Dungeon Overview and Level Annotations

Branches:
Dungeon (9/15)             Temple (1/1) D:5
   Lair: D:8-11         Orc: D:9-12

Altars:
Ashenzari
Cheibriados
Dithmenos
Elyvilon
Fedhas
Gozag
Kikubaaqudgha
Makhleb
Nemelex Xobeh
Okawaru
Qazlal
Ru
Sif Muna
Trog
Vehumet
Xom
Yredelemnul
Zin
The Shining One

Shops:
D:7 :   D:8 [


Message History

Aim: an orc warrior, wielding a war axe and wearing a plate armour You reach to attack!
You hit the orc warrior. You burn the orc warrior.
The orc warrior is moderately wounded.
The orc warrior throws a tomahawk.
The tomahawk hits you.
* * * LOW HITPOINT WARNING * * *
An orc comes into view. It is wielding a short sword.
You feel sick.
The orc moves out of view.
The orc warrior hits you with a war axe!
* * * LOW HITPOINT WARNING * * *
You see here 2 tomahawks.
Casting: Regeneration
Confirm with . or Enter, or press ? or * to list all spells.
Aiming: Vampiric Draining
Press: ? - help, Shift-Dir - straight line, f/p - orc warrior
Aim: an orc warrior, wielding a war axe and wearing a plate armour (moderately wounded)
The orc warrior is heavily wounded.
You feel life coursing into your body.
The orc warrior hits you with a war axe!
You die...
Kikubaaqudgha rasps: "You have failed me!
Welcome... death!"

,,,,,,,*.,,,,#.* ***#.*,,* *,,,,
.,*#<.....,.##.* *,,..*##***,,,,
..*#.....#..##.****,**.*.#,,...,,
..##.....#..##..,,,,**.#.#,....,,
,..............########..#,....,,
,#.....#....##...!!......#.....,,
,#.#............###.###..#.....,,
.#.......<..##.#(.#.#............
.....o.....#*#.#@(#(###..###....#
....#....#.# #.o###'###..# *....#
.#,,#....#.###..#!).!.#..# *.....
,*,,#...........#...).#..####...,
,,,.######.#....#..∩..#..#,...###
,,,........#....#..!..#..###.....
,,,......F.?....#.....##.........
,,,......#.#...##########........
,,*#.#...#.#.#.....,,*,*####.....


You could see an orc warrior.

Vanquished Creatures
  Erica (D:8)
  Grinder (D:6)
  A hippogriff (D:6)
  An orc warrior (D:6)
  A sky beast (D:6)
  An eye of draining (D:9)
  2 ice beasts (D:5)
  4 ogres
  5 giant frogs
  6 killer bees
  2 scorpions
  2 wights (D:7)
  3 centaur zombies
  4 crimson imps
  A jelly (D:7)
  3 orc priests
  A centaur skeleton (D:8)
  Ijyb (D:3)
  2 human zombies (Ossuary)
  2 giant frog skeletons
  2 iguanas
  9 hounds
  12 orc wizards
  6 worker ants
  A big kobold zombie (Ossuary)
  5 mummies (Ossuary)
  2 worker ant zombies
  Robin (D:3)
  14 adders
  13 gnolls
  2 shadow imps
  4 worms
  2 adder skeletons (D:4)
  52 orcs
  9 bats
  11 giant cockroaches
  17 hobgoblins
  6 jackals
  10 kobolds
  3 ball pythons
  4 giant geckos
  A giant gecko zombie (D:7)
  3 giant newts
  28 goblins
  A goblin zombie (Ossuary)
  A jackal zombie (D:6)
  A kobold zombie (Ossuary)
  An orc zombie (Ossuary)
  A quokka skeleton (D:4)
  3 rats
269 creatures vanquished.

Vanquished Creatures (collateral kills)
  Joseph (D:8)
  An ogre (D:4)
  A giant frog (D:8)
  A scorpion (D:8)
  A killer bee (D:7)
  2 hounds
  An iguana (D:8)
  A worker ant (D:5)
  3 orc wizards
  3 orcs
  A hobgoblin (D:7)
  A goblin (D:3)
  A jackal skeleton (D:5)
  A kobold (D:7)
19 creatures vanquished.

Grand Total: 288 creatures vanquished

Notes
Turn   | Place    | Note
--------------------------------------------------------------
     0 | D:1      | Runnr the Human Necromancer began the quest for the Orb.
     0 | D:1      | Reached XP level 1. HP: 13/13 MP: 3/3
   227 | D:1      | Reached XP level 2. HP: 8/19 MP: 0/5
   643 | D:1      | Reached XP level 3. HP: 10/24 MP: 2/6
  1055 | D:1      | Learned a level 1 spell: Animate Skeleton
  1059 | D:1      | Learned a level 3 spell: Vampiric Draining
  1261 | D:2      | Reached XP level 4. HP: 25/30 MP: 1/8
  1351 | D:2      | Learned a level 3 spell: Regeneration
  1967 | D:2      | Reached XP level 5. HP: 30/35 MP: 2/9
  2762 | D:3      | Noticed Robin
  3108 | D:3      | Killed Robin
  3108 | D:3      | Reached skill level 1 in Fighting
  3126 | D:3      | Reached XP level 6. HP: 29/43 MP: 5/10
  3225 | D:3      | Reached skill level 1 in Polearms
  3346 | D:3      | Reached skill level 5 in Necromancy
  3360 | D:3      | Your ally Robin died
  3530 | D:3      | Noticed Ijyb
  3542 | D:3      | Killed Ijyb
  3542 | D:3      | Reached skill level 1 in Evocations
  3553 | D:3      | Noticed an orc warrior
  3635 | D:3      | Your ally Ijyb died
  3783 | D:4      | Found a sand-covered staircase.
  3790 | Ossuary  | Entered an ossuary
  3884 | Ossuary  | Reached XP level 7. HP: 20/50 MP: 12/12
  4370 | D:4      | Learned a level 4 spell: Animate Dead
  4542 | D:4      | Reached XP level 8. HP: 49/58 MP: 14/14
  5147 | D:5      | Entered Level 5 of the Dungeon
  5948 | D:5      | Reached XP level 9. HP: 65/65 MP: 16/16
  5983 | D:5      | Found a staircase to the Ecumenical Temple.
  5990 | Temple   | Entered the Ecumenical Temple
  6059 | Temple   | Became a worshipper of Kikubaaqudgha
  6344 | D:5      | Reached skill level 6 in Necromancy
  6408 | D:6      | Found a white marble altar of Elyvilon.
  6579 | D:6      | Reached skill level 5 in Spellcasting
  6721 | D:6      | Reached skill level 5 in Dodging
  6920 | D:6      | Reached * piety under Kikubaaqudgha
  6920 | D:6      | Received a gift from Kikubaaqudgha
  6923 | D:6      | Identified Kikubaaqudgha's Collected Works on Unholy Rituals (Kikubaaqudgha gifted it to you on level 6 of the Dungeon)
  7080 | D:6      | Noticed Grinder
  7739 | D:6      | Paralysed by something for 7 turns
  7790 | D:6      | Paralysed by something for 7 turns
  7877 | D:6      | Killed Grinder
  7919 | D:7      | Found Jonlulof's Book Shop.
  7964 | D:7      | Reached skill level 5 in Fighting
  8321 | D:7      | Reached XP level 10. HP: 51/74 MP: 18/18
  8362 | D:7      | Reached ** piety under Kikubaaqudgha
  8879 | D:7      | Reached skill level 7 in Necromancy
  9143 | D:7      | Reached skill level 5 in Polearms
  9258 | D:7      | Reached *** piety under Kikubaaqudgha
  9258 | D:7      | Received a gift from Kikubaaqudgha
  9296 | D:7      | Identified Kikubaaqudgha's Incunabulum of Sinister Secrets (Kikubaaqudgha gifted it to you on level 7 of the Dungeon)
  9304 | D:7      | Learned a level 6 spell: Simulacrum
  9484 | D:8      | Found a burning altar of Makhleb.
  9588 | D:8      | Found Bitagem's Antique Armour Boutique.
  9759 | D:8      | Noticed Joseph
  9760 | D:8      | Noticed Erica
  9849 | D:8      | Killed Erica
  9924 | D:8      | Killed Joseph
 10097 | D:8      | Your ally Erica died
 10106 | D:8      | Your ally Joseph died
 10188 | D:9      | Found a flagged portal.
 10201 | Bailey   | Entered a bailey
 10692 | D:9      | Slain by an orc warrior

Action                   |  1- 3 |  4- 6 |  7- 9 | 10-12 || total
-------------------------+-------+-------+-------+-------++-------
Melee: Halberd           |       |    71 |   266 |   137 ||   474
 Cast: Pain              |    53 |   152 |   194 |    66 ||   465
       Animate Skeleton  |       |    19 |    34 |    21 ||    74
       Regeneration      |       |     6 |    36 |    20 ||    62
       Vampiric Draining |       |     1 |    10 |    23 ||    34
       Animate Dead      |       |       |     1 |     5 ||     6
Invok: Receive Corpses   |       |       |       |     3 ||     3
 Abil: Evoke Teleportati |       |     1 |     1 |       ||     2
  Use: Potion            |     2 |       |     3 |     1 ||     6
       Scroll            |       |     8 |       |     6 ||    14
 Stab: Sleeping          |       |     4 |     2 |     6 ||    12
       Distracted        |       |     1 |     4 |     1 ||     6
  Eat: Chunk             |     2 |     9 |    20 |    11 ||    42
